 Dungeon Crawl Stone Soup version 0.25.1-2-g60ff931df9 (webtiles) character file.

Game seed: 772604301815683934

241 Elvor the Shield-Bearer (level 5, -1/47 HPs)
             Began as a Minotaur Fighter on Sept 3, 2020.
             Was an Initiate of Okawaru.
             Slain by Duvessa
             ... wielding a +0 rapier
              (4 damage)
             ... on level 3 of the Dungeon.
             The game lasted 00:17:56 (2312 turns).

Elvor the Shield-Bearer (Minotaur Fighter)          Turns: 2312, Time: 00:17:57

Health: -1/47      AC:  8    Str: 22    XL:     5   Next: 80%
Magic:  4/4        EV:  8    Int:  5    God:    Okawaru [......]
Gold:   184        SH: 10    Dex:  9    Spells: 4/4 levels left

rFire    . . .     SeeInvis .   a - +0 flail
rCold    . . .     Gourm    .   c - +0 kite shield
rNeg     . . .     Faith    .   b - +0 scale mail
rPois    .         Spirit   .   (helmet restricted)
rElec    .         Reflect  .   (no cloak)
rCorr    .         Harm     .   (no gloves)
MR       +....                  y - +0 pair of boots
Stlth    ..........             v - amulet of magic regeneration
HPRegen  0.15/turn              j - ring of protection from magic
MPRegen  0.34/turn              m - ring of attention (curse)

@: no status effects
A: retaliatory headbutt, horns 2
a: Renounce Religion


You were on level 3 of the Dungeon.
You worshipped Okawaru.
Okawaru was noncommittal.
You were not hungry.

You visited 1 branch of the dungeon, and saw 4 of its levels.

You collected 184 gold pieces.

Inventory:

Hand Weapons
 a - a +0 flail (weapon)
Missiles
 n - 5 poisoned darts (quivered)
 p - 7 atropa-tipped darts
 s - 3 javelins
Armour
 b - a +0 scale mail (worn)
 c - a +0 kite shield (worn)
 y - a +0 pair of boots (worn)
 z - a +1 robe of the Archmagi
Jewellery
 j - a ring of protection from magic (left hand)
 m - a cursed ring of attention (right hand)
 v - an amulet of magic regeneration (around neck)
Scrolls
 i - 3 scrolls of teleportation
 l - a scroll of fog
 t - 4 scrolls of identify
 u - 2 scrolls of remove curse
 w - a scroll of enchant armour {unknown}
 x - a scroll of enchant weapon {unknown}
Potions
 d - a potion of might
 e - a potion of curing {unknown}
 g - a potion of flight {unknown}
 h - a potion of ambrosia {unknown}
 k - 5 potions of mutation
 o - 2 potions of resistance {unknown}
 q - a potion of brilliance {unknown}
 r - a potion of degeneration {unknown}
Comestibles
 f - 7 rations


   Skills:
 + Level 4.6 Fighting
 + Level 4.5 Maces & Flails
 + Level 0.4 Throwing
 + Level 4.6 Armour
 + Level 1.2 Dodging
 + Level 5.1 Shields


You had 4 spell levels left.
You didn't know any spells.
Your spell library was empty.

Dungeon Overview and Level Annotations

Branches:
Dungeon (4/15)
 Temple: D:4-7

Altars:
Fedhas
Okawaru

Annotations:
D:3 Dowan, Duvessa


Innate Abilities, Weirdness & Mutations

You reflexively headbutt those who attack you in melee.
You have a pair of horns on your head.


Message History

You hit Duvessa.
Duvessa is heavily wounded.
You block Duvessa's attack. Duvessa hits you with a +0 rapier.
Dowan hits you with a +0 dagger.
You hit Duvessa.
Duvessa is heavily wounded.
Duvessa hits you with a +0 rapier.
* * * LOW HITPOINT WARNING * * *
Dowan hits you but does no damage. Duvessa hits you but does no damage.
Dowan smirks and points a slender finger.
Dowan hits you but does no damage. Duvessa hits you with a +0 rapier.
* * * LOW HITPOINT WARNING * * *
You climb upwards.
There is a stone staircase leading down, spattered with blood here.
Duvessa hits you but does no damage. You block Dowan's attack.
Duvessa hits you with a +0 rapier!
* * * LOW HITPOINT WARNING * * *
Duvessa hits you with a +0 rapier.
You die...

#..........# #..........#
#......>...# #†.÷.......#
#.>........# ########
#..........# #.....>#
#..........#
######......##########..........#
................@e..e............
.#####......##########..........#
(# ######## ######.......#.### .#
########...(..####..#.# .#
##........###### #..##.### .#
###..######## #)###..#. .#
##...## #.# ##.#. .# ##..###
##.###.... .###..## #......(.#


You could see Duvessa (fast) and Dowan.

Vanquished Creatures
  A scorpion (D:3)
  2 orc wizards (D:3)
  An iguana (D:3)
  Robin (D:3)
  2 adders (D:2)
  3 worms
  2 dart slugs
  A leopard gecko (D:1)
  5 orcs (D:3)
  7 bats
  3 giant cockroaches (D:1)
  15 goblins
  6 hobgoblins
  2 jackals (D:2)
  A ball python (D:3)
  3 frilled lizards
  3 kobolds
  9 rats
67 creatures vanquished.

Notes
Turn   | Place    | Note
-------+----------+-------------------------------------------
     0 | D:1      | Elvor the Minotaur Fighter began the quest for the Orb.
     0 | D:1      | Reached XP level 1. HP: 19/19 MP: 0/0
   190 | D:1      | Reached XP level 2. HP: 27/27 MP: 1/1
   407 | D:1      | Reached skill level 4 in Shields
   631 | D:2      | Reached XP level 3. HP: 32/33 MP: 2/2
  1169 | D:2      | Found a blossoming altar of Fedhas.
  1441 | D:3      | Found an iron altar of Okawaru.
  1447 | D:3      | Became a worshipper of Warmaster Okawaru
  1452 | D:3      | Reached XP level 4. HP: 41/41 MP: 3/3
  1641 | D:3      | Noticed Robin
  1768 | D:3      | Reached skill level 1 in Dodging
  1768 | D:3      | Reached XP level 5. HP: 23/47 MP: 4/4
  2008 | D:3      | Killed Robin
  2036 | D:3      | 3
  2043 | D:4      | Noticed Duvessa
  2043 | D:4      | Noticed Dowan
  2239 | D:3      | Reached skill level 5 in Shields
  2306 | D:3      | HP: 2/47 [Duvessa/+0 rapier (8)]
  2312 | D:3      | Slain by Duvessa

Illustrated notes

#......>...# #..........#
#.>........# ###### #..........#
....># #..........#
.....##########..........########
.................................
.....##########..........########
###### ######..@....#.###
########...(..####..#.#
##........###### #..##.#####
#..######## #)###..#..# ..## #.#
##.#.## ### ##.###....# #
#......(.## ##..#####(####
######### ##..## #.)..##


Turn 2036 on D:3: 3

Levels and vault maps discovered:
D:1:      minmay_arrival_cross, layout_basic, minmay_hexomino_f4
D:2:      layout_loops_corners, fedhas_altar_4
D:3:      layout_rooms, okawaru_ov_weapons_minmay, uniq_robin
D:4:      layout_rooms, first_ration, minivault_24, minmay_mini_ossuary,
          uniq_duvessa

Skill      XL: |  1  2  3  4  5 |
---------------+----------------+-----
Fighting       | 4 |  4.6
Shields        | 4 5 |  5.1
Armour         | 4 |  4.6
Maces & Flails | 3 4 |  4.5
Dodging        | 1 |  1.2
Throwing       | |  0.4

Action                   |  1- 3 |  4- 6 || total
-------------------------+-------+-------++-------
Melee: Flail             |    74 |    86 ||   160
       Headbutt          |    12 |     6 ||    18
Throw: Dart              |       |    12 ||    12
  Use: Scroll            |     4 |       ||     4
  Eat: Chunk             |     2 |     3 ||     5
Armor: Scale mail        |    26 |    32 ||    58
Dodge: Dodged            |    21 |    25 ||    46
Block: Kite shield       |    29 |    48 ||    77
